 Dungeon Crawl Stone Soup version 0.23.2-30-g0e89c35649 (webtiles) character file.

Game seed: 7750354708721898664

6217 HASTUR3 the Spear-Bearer (level 10, -1/85 HPs)
             Began as a Naga Fighter on June 18, 2019.
             Was a Follower of Cheibriados.
             Slain by a two-headed ogre
             ... wielding a +0 giant club
              (19 damage)
             ... on level 8 of the Dungeon.
             The game lasted 00:47:08 (7053 turns).

HASTUR3 the Spear-Bearer (Naga Fighter)             Turns: 7053, Time: 00:47:09

Health: -1/85      AC:  8    Str: 30    XL:     10   Next: 92%
Magic:  10/10      EV: 12    Int: 14    God:    Cheibriados [*.....]
Gold:   317        SH: 13    Dex: 15    Spells: 9/9 levels left

rFire    + . .     SeeInvis +   m - +9 hand axe of the Hall of Blades {vamp, +Fly rElec Str+4 Stlth-}
rCold    . . .     Gourm    +   y - +0 shield
rNeg     . . .     Faith    .   x - +1 robe {rC+}
rPois    +         Spirit   .   e - +0 helmet
rElec    +         Reflect  .   s - +1 cloak {MR+}
rCorr    +         Harm     .   (no gloves)
MR       ++...                  (no barding)
Stlth    +.........             q - amulet of the gourmand
HPRegen  0.24/turn              F - ring of Moodiness {rCorr Str+4 Int+4}
MPRegen  0.12/turn              l - ring of fire

@: studying Dodging, very slow
A: large, see invisible, deformed body, poison resistance, slowness 2, slow
metabolism 1, spit poison 1, AC +3
a: Spit Poison, Bend Time, Renounce Religion, Evoke Flight


You were on level 8 of the Dungeon.
You worshipped Cheibriados.
Cheibriados was aware of your devotion.
You were not hungry.

You visited 2 branches of the dungeon, and saw 9 of its levels.

You collected 442 gold pieces.
You spent 125 gold pieces at shops.

Inventory:

Hand Weapons
 a - a +0 trident
 m - the +9 hand axe of the Hall of Blades (weapon) {vamp, +Fly rElec Str+4 Stlth-}
   (You found it on level 7 of the Dungeon)

   It inflicts no extra harm, but heals its wielder when it wounds a living foe.
   It affects your strength (+4).
   It insulates you from electricity.
   It lets you fly.
   It makes you less stealthy.
 o - a +2 war axe of freezing
 r - a +1 spear of venom
Armour
 e - a +0 helmet (worn)
 s - a +1 cloak of magic resistance (worn)
 x - a +1 robe of cold resistance (worn)
 y - a +0 shield (worn)
Jewellery
 d - an uncursed ring of protection from cold
 l - a ring of fire (right hand)
 q - an amulet of the gourmand (around neck)
 F - the ring of Moodiness (left hand) {rCorr Str+4 Int+4}
   (You found it on level 4 of the Dungeon)

   [ring of resist corrosion]

   It affects your strength (+4).
   It affects your intelligence (+4).
Wands
 b - a wand of acid (17)
 c - a wand of iceblast (8)
 n - a wand of disintegration (8)
Scrolls
 g - a scroll of amnesia
 i - a scroll of blinking
 j - 6 scrolls of remove curse
 k - a scroll of enchant armour
 p - 2 scrolls of fear
 t - 2 scrolls of teleportation
 w - 3 scrolls of identify
 A - a scroll of enchant weapon
Potions
 h - 2 potions of brilliance
 u - a potion of cancellation {unknown}
 B - 2 potions of mutation {unknown}
 C - 2 potions of curing
 D - 3 potions of heal wounds
Books
 v - a manual of Dodging
Comestibles
 f - 16 rations
 z - a chunk of flesh


   Skills:
 - Level 3.7 Fighting
 + Level 13.0 Polearms
 - Level 2.4 Armour
 + Level 4.3 Dodging
 - Level 1.0 Stealth
 - Level 9.2 Shields


You had 9 spell levels left.
You didn't know any spells.
Your spell library contained the following spells:

 Spells                   Type           Power        Failure   Level  Hunger
 Corona                   Hex            #......      28%         1    ##.....
 Freeze                   Ice            #...         28%         1    ##.....
 Ensorcelled Hibernation  Hex/Ice        #.....       41%         2    ###....
 Throw Frost              Conj/Ice       #.....       41%         2    ###....
 Confuse                  Hex            #.......     65%         3    ####...
 Dazzling Spray           Conj/Hex       #.....       65%         3    ####...
 Ozocubu's Armour         Chrm/Ice       #.......     65%         3    ####...
 Tukima's Dance           Hex            #.......     65%         3    ####...
 Summon Ice Beast         Ice/Summ       #.......     96%         4    #####..
 Throw Icicle             Conj/Ice       #.......     96%         4    #####..


Dungeon Overview and Level Annotations

Branches:
Dungeon (8/15)             Temple (1/1) D:6
   Lair: D:8-11

Altars:
Ashenzari
Cheibriados
Dithmenos
Elyvilon
Fedhas
Gozag
Hepliaklqana
Kikubaaqudgha
Makhleb
Nemelex Xobeh
Okawaru
Qazlal
Ru
Sif Muna
Trog
Uskayaw
Wu Jian
Xom
Yredelemnul
Zin
The Shining One

Shops:
D:6 }(=*


Innate Abilities, Weirdness & Mutations

You cannot wear boots.
Your serpentine skin is tough. (AC +3)
You have supernaturally acute eyesight. (SInv)
Armour fits poorly on your strangely shaped body.
Your system is resistant to poisons. (rPois)
You cover ground very slowly.
You have a slow metabolism.
You can spit poison.


Message History

The two-headed ogre is heavily wounded.
You slash the two-headed ogre! You block the two-headed ogre's attack.
The two-headed ogre hits you with a +0 giant club!
The two-headed ogre misses you.
The two-headed ogre hits you with a +0 giant club!
You hit the two-headed ogre.
You feel better.
The two-headed ogre is almost dead.
You completely miss the two-headed ogre.
You block the two-headed ogre's attack. x2
You hit the two-headed ogre.
The two-headed ogre is almost dead.
You slash the two-headed ogre!
You block the two-headed ogre's attack. x2
You hit the two-headed ogre.
You feel better.
The two-headed ogre is almost dead.
You slash the two-headed ogre!
The two-headed ogre hits you with a +0 giant spiked club!
* * * LOW HITPOINT WARNING * * *
You block the two-headed ogre's attack.
The two-headed ogre hits you with a +0 giant club!!
You die...

........##...#.# #####
.........#.....# #...#
..........#.......# #...#
..♣.......#...###.######...##
♣........'...........##..)##
♣.......('....####.#.#......
..♣.......#...).............#
..........#O#.#.).##........#
..........#O@.#)####.........
......[$.##.....# ##..##...##
........##...######..........
.......##....##......#....(..
......##.....#..##..##.....## #
...[.##........###.####..####
##########...............>.......
..............=........###.#.####
..#.#.#......=......######.#.....


You could see 2 two-headed ogres.

Vanquished Creatures
  Erica (D:8)
  Maurice (D:8)
  Joseph (D:7)
  Grinder (D:3)
  4 hogs (D:7)
  A human (D:7)
  Menkaure (D:7)
  Edmund (D:4)
  A water moccasin (D:8)
  2 orc warriors
  2 ice beasts
  2 sky beasts
  2 ogres
  A centaur (D:7)
  3 bullfrogs
  A big kobold (D:7)
  2 scorpions
  A wyvern skeleton (D:6)
  8 wights
  3 howler monkeys
  2 vampire bats (D:3)
  7 crimson imps
  A bullfrog zombie (D:5)
  2 jellies
  Crazy Yiuf (D:5)
  3 orc priests
  2 hounds
  12 worker ants
  7 orc wizards
  A hound skeleton (D:5)
  9 adders
  An adder skeleton (D:4)
  6 worms
  A dart slug (D:2)
  6 leopard geckos
  19 orcs
  4 bats
  5 bat skeletons (D:3)
  2 bat zombies (D:3)
  5 giant cockroaches
  6 goblins
  10 hobgoblins
  8 kobolds
  6 quokkas
  3 ball pythons
  4 frilled lizards
  A leopard gecko zombie (D:6)
  A quokka skeleton (D:8)
  11 rats
185 creatures vanquished.

Vanquished Creatures (others)
  An orc wizard (D:7)
1 creature vanquished.

Grand Total: 186 creatures vanquished

Notes
Turn   | Place    | Note
-------+----------+-------------------------------------------
     0 | D:1      | HASTUR3 the Naga Fighter began the quest for the Orb.
     0 | D:1      | Reached XP level 1. HP: 21/21 MP: 1/1
   183 | D:1      | Reached XP level 2. HP: 25/28 MP: 2/2
   371 | D:1      | Reached skill level 1 in Stealth
   750 | D:2      | Reached XP level 3. HP: 34/34 MP: 3/3
  1005 | D:2      | Reached skill level 3 in Polearms
  1005 | D:2      | Reached XP level 4. HP: 44/44 MP: 4/4
  1064 | D:2      | Noticed an orc warrior
  1077 | D:2      | Reached XP level 5. HP: 16/50 MP: 5/5
  1080 | D:2      | Killed an orc warrior
  1080 | D:2      | Reached XP level 6. HP: 19/57 MP: 6/6
  1107 | D:2      | Found a glowing silver altar of Zin.
  1402 | D:3      | Noticed Grinder
  1402 | D:3      | Paralysed by Grinder for 6 turns
  1417 | D:3      | Paralysed by Grinder for 6 turns
  1420 | D:3      | Killed Grinder
  1420 | D:3      | Reached skill level 5 in Shields
  1420 | D:3      | Reached XP level 7. HP: 34/63 MP: 7/7
  2035 | D:3      | Found an ancient bone altar of Kikubaaqudgha.
  2434 | D:4      | Found an iron altar of Okawaru.
  2752 | D:4      | Reached skill level 10 in Polearms
  2752 | D:4      | Reached XP level 8. HP: 72/72 MP: 8/8
  2795 | D:4      | You fall through a shaft for 3 floors!
  2827 | D:7      | Found a sacrificial altar of Ru.
  2875 | D:7      | Reached XP level 9. HP: 78/78 MP: 9/9
  2897 | D:7      | Noticed Joseph
  2975 | D:7      | Killed Joseph
  3016 | D:7      | Reached skill level 11 in Polearms
  3267 | D:7      | Found a shattered altar of Ashenzari.
  3314 | D:7      | Noticed Menkaure
  3332 | D:7      | Killed Menkaure
  3616 | D:7      | Found a hide-covered altar of Uskayaw.
  3633 | D:7      | Got a polished hand axe
  3645 | D:7      | Identified the +9 hand axe of the Hall of Blades {vamp,
                  | +Fly rElec Str+4 Stlth-} (You found it on level 7 of the
                  | Dungeon)
  4114 | D:7      | Reached skill level 12 in Polearms
  4114 | D:7      | Reached XP level 10. HP: 45/85 MP: 10/10
  4247 | D:6      | Found Wotturuf's Assorted Antiques.
  4295 | D:6      | Bought a dented jade amulet for 125 gold pieces
  4323 | D:6      | Found a staircase to the Ecumenical Temple.
  4332 | Temple   | Entered the Ecumenical Temple
  4717 | D:6      | Found Ulloemet's Weapon Shoppe.
  4794 | D:6      | Found a shimmering altar of Xom.
  5189 | D:6      | Found Pacegoq's Gadget Shop.
  5190 | D:6      | Found Xoampyiq's Jewellery Emporium.
  5210 | D:6      | Identified a scroll of acquirement
  5320 | D:5      | Entered Level 5 of the Dungeon
  5403 | D:5      | Reached skill level 1 in Dodging
  5506 | D:5      | Found a shadowy altar of Dithmenos.
  5541 | D:5      | Found a glowing golden altar of the Shining One.
  5785 | D:5      | Found a snail-covered altar of Cheibriados.
  5799 | D:5      | Became a worshipper of Cheibriados the Contemplative
  5945 | D:5      | Found a runed translucent door.
  5946 | D:5      | Noticed Crazy Yiuf
  5957 | D:5      | Killed Crazy Yiuf
  6011 | D:4      | Noticed Edmund
  6027 | D:4      | Killed Edmund
  6377 | D:4      | Got a crude copper ring
  6379 | D:4      | Identified the ring of Moodiness {rCorr Str+4 Int+4} (You
                  | found it on level 4 of the Dungeon)
  6740 | D:8      | Noticed Maurice
  6762 | D:8      | Killed Maurice
  6784 | D:8      | Noticed Erica
  6804 | D:8      | Killed Erica
  6804 | D:8      | Reached skill level 13 in Polearms
  6864 | D:8      | Reached * piety under Cheibriados
  7036 | D:8      | Noticed a two-headed ogre
  7036 | D:8      | Noticed a two-headed ogre
  7053 | D:8      | Slain by a two-headed ogre

Skill      XL: |  1  2  3  4  5  6  7  8  9 10 |
---------------+-------------------------------+-----
Stealth        | 1 |  1.0
Polearms       | 3 10 12 13 | 13.0
Shields        | 3 4 5 9 |  9.2
Dodging        | 4 |  4.3
Fighting       | |  3.7
Armour         | |  2.4

Action                   |  1- 3 |  4- 6 |  7- 9 | 10-12 || total
-------------------------+-------+-------+-------+-------++-------
Melee: Trident           |    68 |       |    73 |    36 ||   177
       Spear             |    44 |    61 |   273 |   358 ||   736
       Hand axe          |       |       |       |    30 ||    30
 Abil: Spit Poison       |    17 |     3 |    14 |    11 ||    45
  Use: Scroll            |     4 |       |     5 |     5 ||    14
       Potion            |       |     1 |    11 |     1 ||    13
 Stab: Sleeping          |       |       |       |     1 ||     1
  Eat: Chunk             |     1 |     1 |     7 |    21 ||    30
       Ration            |       |       |     1 |       ||     1
Armor: Ring mail         |    26 |       |       |       ||    26
       Chain mail        |    16 |    13 |   137 |    29 ||   195
       Skin              |       |       |    18 |       ||    18
       Robe              |       |       |       |    29 ||    29
Dodge: Dodged            |    16 |     9 |    38 |    43 ||   106
Block: Shield            |    39 |    14 |   160 |   125 ||   338
